 Dungeon Crawl Stone Soup version 0.30-a0-122-g2a1322497e (webtiles) character file.

Game seed: 16309379745833929150

10160 MirrMurr the Skirmisher (level 11, -2/52 HPs)
             Began as a Spriggan Hunter on Sept 16, 2022.
             Was a High Priest of Okawaru.
             Slain by a manticore (11 damage)
             ... on level 11 of the Dungeon.
             The game lasted 00:28:58 (13249 turns).

MirrMurr the Skirmisher (Spriggan Hunter)          Turns: 13249, Time: 00:28:58

Health: -2/52      AC:  6    Str: 12    XL:     11   Next: 32%
Magic:  14/14      EV: 29    Int:  9    God:    Okawaru [*****.]
Gold:   624        SH:  0    Dex: 25    Spells: 10/10 levels left

rFire   . . .      SeeInvis +    a - +1 shortbow
rCold   . . .      Faith    .    (shield currently unavailable)
rNeg    + . .      Spirit   .    c - +1 robe
rPois   +          Reflect  .    (helmet restricted)
rElec   .          Harm     .    x - +2 ratskin cloak {*Rats rPois rN+ Str-1 Int-1 Dex+1}
rCorr   .          Rampage  .    (gloves unavailable)
Will    +....                    (boots unavailable)
Stlth   +++++.....               (no amulet)
HPRegen 0.17/turn                h - +6 ring of strength
MPRegen 0.14/turn                (no ring)

@: very quick
A: very small, no large weapons, unfitting armour, see invisible, speed 3
a: Renounce Religion, Heroism, Finesse, Duel


You were on level 11 of the Dungeon.
You worshipped Okawaru.
Okawaru was extremely pleased with you.
You visited 2 branches of the dungeon, and saw 12 of its levels.
You also visited: Bailey.

You collected 624 gold pieces.

Inventory:

Hand Weapons
 a - a +1 shortbow (weapon)
 b - a +2 dagger of venom
Missiles
 g - 2 curare-tipped darts
 m - 98 stones
 s - 33 poisoned darts
 t - 2 throwing nets
 v - 11 boomerangs
Armour
 c - a +1 robe (worn)
 x - the +2 ratskin cloak (worn) {*Rats rPois rN+ Str-1 Int-1 Dex+1}
   (You found it on level 4 of the Dungeon)

   When the wearer is hurt, rats may emerge from it to assist them.
   Str:       It affects your strength (-1).
   Int:       It affects your intelligence (-1).
   Dex:       It affects your dexterity (+1).
   rPois:     It protects you from poison.
   rN:        It protects you from negative energy.
Jewellery
 h - a +6 ring of strength (left hand)
 B - a ring of positive energy
Wands
 n - a wand of polymorph (11)
 o - a wand of paralysis (2)
 A - a wand of roots (7)
 D - a wand of light (7)
 E - a wand of flame (33)
Scrolls
 p - 5 scrolls of teleportation
 u - a scroll of magic mapping
 y - a scroll of blinking
 z - 3 scrolls of immolation
 J - 2 scrolls of poison
Potions
 d - 2 potions of magic
 e - 2 potions of mutation {unknown}
 f - 3 potions of cancellation
 j - 2 potions of haste
 k - a potion of curing
 l - 3 potions of lignification
 q - 3 potions of flight
 r - a potion of degeneration {unknown}
 w - 3 potions of brilliance
 C - 2 potions of attraction {unknown}
 F - 3 potions of invisibility {unknown}
 G - 2 potions of might {unknown}
 H - a potion of ambrosia {unknown}
 I - 2 potions of berserk rage {unknown}


   Skills:
 + Level 3.5 Fighting
 - Level 14.0 Ranged Weapons
 + Level 11.1 Dodging
 - Level 10.0 Stealth
 + Level 3.6 Invocations


You had 10 spell levels left.
You didn't know any spells.
Your spell library contained the following spells:

 Spells                   Type           Power      Damage    Failure   Level
 Beastly Appendage        Tmut           0%         N/A       38%         1
 Freeze                   Ice            0%         1d3       38%         1
 Sting                    Tmut/Pois      0%         1d3       38%         1
 Cigotuvi's Dreadful Rot  Necr/Pois/Air  0%         N/A       52%         2
 Poisonous Vapours        Pois/Air       0%         N/A       52%         2
 Sublimation of Blood     Necr           0%         N/A       52%         2
 Wereblood                Tmut           0%         N/A       52%         2
 Frozen Ramparts          Ice            0%         1d1       77%         3
 Spider Form              Tmut/Pois      0%         N/A       77%         3
 Hailstorm                Conj/Ice       0%         3d3       99%         4
 Petrify                  Tmut/Erth      0%         N/A       99%         4
 Eringya's Noxious Bog    Tmut/Pois      0%         N/A       100%        6
 Statue Form              Tmut/Erth      0%         N/A       100%        6
 Storm Form               Tmut/Air       0%         N/A       100%        7
 Maxwell's Capacitive Co  Air            0%         ∞         100%        8
 Summon Lightning Spire   Summ/Air       Unusable   N/A       N/A         4
 Summon Hydra             Summ           Unusable   N/A       N/A         7

Dungeon Overview and Level Annotations

Branches:
Dungeon (11/15)            Temple (1/1) D:6          Bailey (visited)
   Lair: D:8-11         Orc: D:9-12

Altars:
Ashenzari
Cheibriados
Dithmenos
Elyvilon
Fedhas
Gozag
Hepliaklqana
Kikubaaqudgha
Makhleb
Nemelex Xobeh
Okawaru
Qazlal
Ru
Sif Muna
Trog
Uskayaw
Vehumet
Wu Jian
Xom
Yredelemnul
Zin
The Shining One

Shops:
D:8 *


Innate Abilities, Weirdness & Mutations

You are very small and have problems with some larger weapons.
You are too small for most types of armour.
You have supernaturally acute eyesight. (SInv)
You cover ground extremely quickly. (Speed+++)


Message History

The manticore claws you but does no damage.
The manticore barely misses you.
You shoot an arrow. The arrow hits the manticore!
The manticore is almost dead.
The manticore closely misses you. The manticore completely misses you. x2
You shoot an arrow. The arrow hits the manticore.
The manticore is almost dead.
The manticore completely misses you. x3
You shoot an arrow. The arrow hits the manticore.
The manticore is almost dead.
You shoot an arrow.
The arrow hits the manticore but does no damage.
The manticore is almost dead.
The manticore bites you!
* * * LOW HITPOINT WARNING * * *
The manticore completely misses you. The manticore claws you.
* * * LOW HITPOINT WARNING * * *
Fire: a) +1 shortbow
Press: ? - help, Q - select action, (/) - cycle Shift-Dir - straight line, f/p - manticore
Aim: a manticore (almost dead, 80% to hit)
You shoot an arrow.
The arrow hits the manticore but does no damage.
The manticore is almost dead.
The manticore completely misses you. The manticore misses you.
The manticore claws you!
* * * LOW HITPOINT WARNING * * *
Unknown command.
You feel better. The manticore misses you. The manticore claws you!
* * * LOW HITPOINT WARNING * * *
The manticore closely misses you.
You feel better. The manticore closely misses you.
The manticore completely misses you. x2
Fire: a) +1 shortbow
Press: ? - help, Q - select action, (/) - cycle Shift-Dir - straight line, f/p - manticore
Aim: a manticore (almost dead, 80% to hit)
You shoot an arrow.
The arrow hits the manticore but does no damage.
The manticore is almost dead.
The manticore bites you!
You die...

#. # #...##.....#
.## #.###
###.###....#
#....###...###.....
#...#...#.###.....
#..........# #.#...
###.........##
.#.#.
###...........#
#............##
.......@.......#
......#H........
......$..........
[..............(.
##.............#
#......##.##..
#......( ## ..
#.......


You could see a manticore.

Vanquished Creatures
  A two-headed ogre (D:10)
  A boulder beetle (D:6)
  A deep elf pyromancer (D:10)
  A gargoyle (Bailey)
  Grinder (D:4)
  A shadow (D:10)
  14 yaks
  2 wraiths
  A vampire (Bailey)
  Eustachio (D:5)
  A wyvern (D:10)
  Menkaure (D:7)
  An acid dragon (D:10)
  2 water moccasins
  Duvessa (D:7)
  4 ice beasts
  5 orc warriors
  5 ogres
  2 centaurs
  3 phantoms
  4 bullfrogs
  2 kobold brigands (D:8)
  Blork the orc (D:4)
  A necrophage (D:4)
  A gnoll sergeant (D:8)
  6 scorpions
  Dowan (D:6)
  6 vampire bats (Bailey)
  11 killer bees
  2 howler monkeys
  5 wolf zombies (Bailey)
  2 gnoll boudas
  2 orc priests
  2 hounds (D:5)
  4 jellies
  4 iguanas
  9 orc wizards
  17 gnolls
  4 adders
  A shadow imp (D:7)
  An ufetubus (D:7)
  2 worms (D:2)
  3 dart slugs (D:1)
  37 orcs
  6 ball pythons
  4 endoplasms
  4 giant cockroaches
  11 goblins
  6 hobgoblins
  7 quokkas
  2 bats
  A frilled lizard (D:1)
  18 kobolds
  20 orc zombies (Bailey)
  4 rats
260 creatures vanquished.

Notes
Turn   | Place    | Note
-------+----------+-------------------------------------------
     0 | D:1      | MirrMurr the Spriggan Hunter began the quest for the Orb.
     0 | D:1      | Reached XP level 1. HP: 10/10 MP: 2/2
    18 | D:1      | Found a faded altar of an unknown god.
    34 | D:1      | Got Plato's Vellum of Permutations
   204 | D:1      | Reached XP level 2. HP: 12/14 MP: 3/3
   861 | D:2      | Reached XP level 3. HP: 18/18 MP: 4/4
   900 | D:2      | Found a basalt altar of Yredelemnul.
  1575 | D:3      | Reached XP level 4. HP: 22/22 MP: 5/5
  2028 | D:3      | Reached skill level 5 in Ranged Weapons
  2522 | D:4      | Noticed a phantom
  2526 | D:4      | Killed a phantom
  2527 | D:4      | Reached XP level 5. HP: 25/25 MP: 6/6
  2607 | D:4      | Noticed Blork the orc
  2632 | D:4      | Killed Blork the orc
  2633 | D:4      | Reached skill level 6 in Ranged Weapons
  2633 | D:4      | Reached skill level 5 in Stealth
  2633 | D:4      | Reached XP level 6. HP: 4/30 MP: 7/7
  2910 | D:4      | Found a sparkling altar of Nemelex Xobeh.
  2979 | D:4      | Found the +2 ratskin cloak {*Rats rPois rN+ Str-1 Int-1
                  | Dex+1}
  3006 | D:4      | Reached skill level 5 in Dodging
  3172 | D:4      | Noticed Grinder
  3442 | D:4      | Killed Grinder
  3443 | D:4      | Reached XP level 7. HP: 25/33 MP: 8/8
  3547 | D:4      | Reached skill level 7 in Ranged Weapons
  3801 | D:5      | Entered Level 5 of the Dungeon
  4193 | D:5      | Reached XP level 8. HP: 37/37 MP: 9/9
  4297 | D:5      | Reached skill level 8 in Ranged Weapons
  4333 | D:5      | Noticed Eustachio
  4458 | D:5      | Killed Eustachio
  5122 | D:6      | Reached skill level 9 in Ranged Weapons
  5181 | D:6      | Got the Octavo of the Albatross
  5389 | D:6      | Reached XP level 9. HP: 37/41 MP: 10/10
  5462 | D:6      | Found a staircase to the Ecumenical Temple.
  5485 | Temple   | Entered the Ecumenical Temple
  5706 | Temple   | Became a worshipper of Warmaster Okawaru
  5894 | D:6      | Noticed a boulder beetle
  6429 | D:6      | Killed a boulder beetle
  6429 | D:6      | Reached * piety under Okawaru
  6430 | D:6      | Reached skill level 10 in Stealth
  6604 | D:6      | Reached skill level 10 in Ranged Weapons
  6652 | D:6      | Found a staircase to the Ecumenical Temple.
  7103 | D:7      | Found a white marble altar of Elyvilon.
  7137 | D:7      | Noticed Menkaure
  7146 | D:7      | Killed Menkaure
  7623 | D:7      | Found a radiant altar of Vehumet.
  7675 | D:7      | Found a bloodstained altar of Trog.
  7675 | D:7      | Found an opulent altar of Gozag.
  8106 | D:7      | Noticed Duvessa
  8106 | D:7      | Noticed Dowan
  8164 | D:7      | Killed Duvessa
  8165 | D:7      | Reached skill level 11 in Ranged Weapons
  8173 | D:6      | Killed Dowan
  8581 | D:8      | Reached skill level 10 in Dodging
  8582 | D:8      | Reached ** piety under Okawaru
  8737 | D:8      | Reached XP level 10. HP: 28/46 MP: 11/11
  8964 | D:8      | Found Lawkaop's General Store.
  9214 | D:8      | Found a flagged portal.
  9226 | Bailey   | Entered a bailey
  9285 | Bailey   | Noticed a gargoyle
  9331 | Bailey   | Killed a gargoyle
  9332 | Bailey   | Reached skill level 12 in Ranged Weapons
  9902 | Bailey   | Reached *** piety under Okawaru
 10481 | D:9      | Reached skill level 13 in Ranged Weapons
 10912 | D:9      | Reached **** piety under Okawaru
 11118 | D:9      | Found a glowing silver altar of Zin.
 11118 | D:9      | Found a snail-covered altar of Cheibriados.
 11126 | D:9      | Reached skill level 14 in Ranged Weapons
 11233 | D:9      | Reached skill level 1 in Invocations
 11235 | D:9      | Received a gift from Okawaru
 11440 | D:10     | Entered Level 10 of the Dungeon
 11462 | D:10     | Reached XP level 11. HP: 39/50 MP: 13/13
 12139 | D:10     | Noticed a deep elf pyromancer
 12400 | D:10     | Killed a deep elf pyromancer
 12632 | D:10     | Noticed a two-headed ogre
 12657 | D:10     | Killed a two-headed ogre
 12657 | D:10     | Reached ***** piety under Okawaru
 13171 | D:11     | Noticed a boulder beetle
 13247 | D:11     | HP: 2/52 [manticore (10)]
 13249 | D:11     | Slain by a manticore

Illustrated notes

Levels and vault maps discovered:
D:1:      minmay_arrival_up_and_down, layout_loops_cross,
          shapermc_ecumenical_altar_rom_forum, minmay_pentomino_t4
D:2:      layout_rooms, basic_altar, minmay_circle_x
D:3:      layout_basic, grunt_decor_resistance, minivault_27
D:4:      layout_rooms, lemuel_coloured_pillars_altar, minmay_fountain_box,
          st_stairs_14, uniq_blork_the_orc, uniq_grinder
D:5:      layout_cave_pools, uniq_eustachio
D:6:      layout_loops_ring, minmay_temple_entry_junction
D:7:      layout_cave_pods, elyvilon_altar_4, vehumet_crystals,
          nicolae_overflow_two_pavilions, uniq_menkaure, uniq_duvessa
D:8:      layout_basic, enter_bailey_4, serial_shops, kennysheep_little_box
D:9:      layout_roguey, mainiacjoe_overflow_divided_tiny
D:10:     layout_basic, minivault_5
D:11:     layout_cave_pools, lair_entry_dummy, david_orc_5, serial_shops,
          nicolae_shop_overgrown_old_shop
Temple:   regret_index_temple_generic_petals

Skill      XL: |  1  2  3  4  5  6  7  8  9 10 11 |
---------------+----------------------------------+-----
Stealth        | 2 3 4 5 6 7 9 10 | 10.0
Dodging        | 3 4 5 6 8 10 11 | 11.1
Ranged Weapons | 5 6 7 9 11 14 | 14.0
Invocations    | 1 3 |  3.6
Fighting       | 2 3 |  3.5

Action                   |  1- 3 |  4- 6 |  7- 9 | 10-12 || total
-------------------------+-------+-------+-------+-------++-------
Melee: Dagger            |       |       |     3 |       ||     3
 Fire: Shortbow          |    86 |   105 |   433 |   662 ||  1286
Evoke: Wand              |       |       |     7 |       ||     7
  Use: Scroll            |       |     9 |     4 |     3 ||    16
       Potion            |       |       |     1 |     2 ||     3
 Stab: Paralysed         |       |       |     2 |       ||     2
Armor: Robe              |       |     1 |    22 |    30 ||    53
       Skin              |       |       |    48 |       ||    48
Dodge: Dodged            |    14 |    26 |   206 |   296 ||   542

Table legend: (Time is in decaauts)
 A = Elapsed time spent in this place.
 B = Non-inter-level travel time spent in this place.
 C = Inter-level travel time spent in this place.
 D = Time resting spent in this place.
 E = Time spent auto-exploring this place.
 F = Levels seen in this place.
 G = Mean time per level.
                   A        B        C        D        E       F      G
               +--------+--------+--------+--------+--------+-----+--------+
         Total |   9921 |   9454 |    467 |    762 |   6518 |  13 |  763.2 |
       Dungeon |   9121 |   8670 |    451 |    758 |   6009 |  11 |  829.2 |
        Temple |    160 |    144 |     16 |      0 |    135 |   1 |  160.0 |
        Bailey |    639 |    639 |      0 |      3 |    373 |   1 |  639.0 |
               +--------+--------+--------+--------+--------+-----+--------+

Top non-repeatable levels by time:
     D:6: 1374 daAuts
    D:10: 1129 daAuts
     D:4: 1091 daAuts
     D:5: 1081 daAuts
     D:9: 1033 daAuts
     D:3: 975 daAuts
     D:7: 838 daAuts
     D:8: 676 daAuts
  Bailey: 639 daAuts
     D:1: 539 daAuts
     D:2: 327 daAuts
  Temple: 160 daAuts
    D:11: 53 daAuts
